 Dungeon Crawl Stone Soup version 0.28.0-45-g0d030f2227 (webtiles) character file.

Game seed: 3906528192883897738

82 Peloso the Covered (level 4, -7/40 HPs)
             Began as a Minotaur Fighter on Apr 4, 2022.
             Killed by divine providence
             ... invoked by an orc priest
              (12 damage)
             ... on level 3 of the Dungeon.
             The game lasted 00:02:23 (1942 turns).

Peloso the Covered (Minotaur Fighter)               Turns: 1942, Time: 00:02:23

Health: -7/40      AC: 10    Str: 20    XL:     4   Next: 21%
Magic:  3/3        EV:  7    Int:  5    God:
Gold:   62         SH:  5    Dex: 12    Spells: 3/3 levels left

rFire   . . .      SeeInvis .   a - +0 long sword
rCold   . . .      Faith    .   c - +0 buckler
rNeg    . . .      Spirit   .   n - +0 chain mail
rPois   .          Reflect  .   (helmet restricted)
rElec   .          Harm     .   (no cloak)
rCorr   .          Rampage  .   (no gloves)
Will    .....                   o - +0 pair of boots
Stlth   ..........              (no amulet)
HPRegen 0.13/turn               (no ring)
MPRegen 0.08/turn               (no ring)

@: no status effects
A: horns 2, retaliatory headbutt
a: no special abilities


You were on level 3 of the Dungeon.
You visited 1 branch of the dungeon, and saw 3 of its levels.

You collected 112 gold pieces.
You spent 50 gold pieces at shops.

Inventory:

Hand Weapons
 a - a +0 long sword (weapon)
Missiles
 k - a throwing net (quivered)
Armour
 b - a +0 scale mail
 c - a +0 buckler (worn)
 n - a +0 chain mail (worn)
 o - a +0 pair of boots (worn)
Scrolls
 g - a scroll of holy word {unknown}
 h - 2 scrolls of identify
 i - 2 scrolls of teleportation
 j - a scroll of fog {unknown}
 m - a scroll of torment {unknown}
 p - a scroll of immolation {unknown}
 q - 2 scrolls of vulnerability {unknown}
 r - a scroll of magic mapping {unknown}
Potions
 d - a potion of might
 e - a potion of flight {unknown}
 f - a potion of heal wounds {unknown}
 l - a potion of lignification {unknown}
 s - 2 potions of haste {unknown}


   Skills:
 + Level 4.1 Fighting
 + Level 4.0 Long Blades
 + Level 4.5 Armour
 + Level 4.0 Shields


You had 3 spell levels left.
You didn't know any spells.
Your spell library contained the following spells:

 Spells                   Type           Power      Damage    Failure   Level
 Animate Skeleton         Necr           0%         N/A       100%        1
 Pain                     Necr           0%         1d4       100%        1
 Vampiric Draining        Necr           0%         2d6       100%        3


Dungeon Overview and Level Annotations

Branches:
Dungeon (3/15)

Altars:
Xom

Shops:
D:1 ?


Innate Abilities, Weirdness & Mutations

You have a pair of horns on your head.
You reflexively headbutt those who attack you in melee.


Message History

You block Terence's attack.
The orc priest hits you but does no damage.
You barely miss Terence. Your headbutt misses Terence.
Terence is heavily wounded.
Terence hits you with a +0 hand axe.
The orc priest casts a cantrip, but nothing happens.
Terence hits you with a +0 hand axe.
You hit Terence.
Terence is severely wounded.
The orc priest looks satisfied for a moment.
Terence barely misses you. You furiously retaliate!
You headbutt Terence, but do no damage.
The orc priest hits you from afar with a +0 trident.
You hit Terence but do no damage.
Terence is severely wounded.
Terence hits you but does no damage.
The orc priest hits you but does no damage.
You hit Terence but do no damage.
Terence is severely wounded.
Terence shouts, "DIE!!!"
Terence barely misses you. You furiously retaliate!
You headbutt Terence, but do no damage.
The orc priest hits you but does no damage.
You slash Terence!
You kill Terence!
The orc priest calls down the wrath of Beogh upon you.
Beogh smites you!
* * * LOW HITPOINT WARNING * * *
The kobold hits you but does no damage.
Your Long Blades skill increases to level 4!
You have reached level 4!
You feel agile.
The kobold throws a stone.
You block the stone.
The orc priest looks satisfied for a moment.
There is an open door here.
The kobold throws a stone.
The stone hits you but does no damage.
The kobold throws a stone.
The stone hits you but does no damage.
The orc priest invokes the aid of Beogh against you.
Beogh smites you!
You die...

#........ # ####)# .##
#...######### ..# #...###.#.P.#
#.# #...#P.#.P.P# #.#
#...###...### #.## #...##.....#
########..###########K..###..###
................@...'oo.>###.#
#########.#####.##.##.....†..#
#..†....#.##.###########
#.......#.##.# #.......#.##.#
#.......#.##.#
#####..)....#.##.#
#...........#.##.#
#...........#.##..


You could see an orc priest, an orc and a kobold.

Vanquished Creatures
  Terence (D:3)
  An adder (D:3)
  2 dart slugs (D:2)
  3 orcs (D:3)
  11 ball pythons
  3 bats
  An endoplasm (D:1)
  A giant cockroach (D:1)
  4 hobgoblins
  2 quokkas
  2 frilled lizards (D:1)
  3 goblins
  3 kobolds (D:1)
  A rat (D:1)
38 creatures vanquished.

Vanquished Creatures (others)
  A plant (D:3)
1 creature vanquished.

Grand Total: 39 creatures vanquished

Notes
Turn   | Place    | Note
-------+----------+-------------------------------------------
     0 | D:1      | Peloso the Minotaur Fighter began the quest for the Orb.
     0 | D:1      | Reached XP level 1. HP: 19/19 MP: 0/0
   301 | D:1      | Reached XP level 2. HP: 27/27 MP: 1/1
   327 | D:1      | Found Ogoran's Magic Scroll Shoppe.
   340 | D:1      | Bought a scroll of identify for 20 gold pieces
   340 | D:1      | Bought a scroll of teleportation for 30 gold pieces
  1174 | D:2      | Found a shimmering altar of Xom.
  1281 | D:2      | Found a faded altar of an unknown god.
  1315 | D:2      | Reached XP level 3. HP: 33/33 MP: 2/2
  1905 | D:3      | Noticed Terence
  1932 | D:3      | Killed Terence
  1933 | D:3      | Reached XP level 4. HP: 4/40 MP: 3/3
  1942 | D:3      | Killed from afar by an orc priest

Illustrated notes

Levels and vault maps discovered:
D:1:      eino_arrival_water_star, layout_basic, serial_shops,
          nicolae_shop_advertising_works [nicolae_subvault_shop_adworks]
D:2:      layout_loops_ring, basic_altar, shapermc_ecumenical_altar_flowoftime
D:3:      layout_basic, hex_intersection, minmay_shallow_snake_nest,
          uniq_terence

Skill      XL: |  1  2  3 |
---------------+----------+-----
Shields        | 4 |  4.0
Armour         | 4 |  4.5
Fighting       | 4 |  4.1
Long Blades    | 4 |  4.0

Action                   |  1- 3 |  4- 6 || total
-------------------------+-------+-------++-------
Melee: Long sword        |    85 |       ||    85
       Headbutt          |    10 |       ||    10
Armor: Scale mail        |    18 |       ||    18
       Chain mail        |    42 |     2 ||    44
Dodge: Dodged            |    34 |       ||    34
Block: Buckler           |    24 |     1 ||    25
